 Dungeon Crawl Stone Soup version bcrawl-1.41 (webtiles) character file.

Game seed: 15399228691505712610

884897 saiyaman the Executioner (level 16, -3/231 HPs)
             Began as a Minotaur Berserker on Apr 12, 2024.
             Was the Champion of Trog.
             Slain by a nagaraja
             ... wielding a +0 flail
              (14 damage)
             ... on level 3 of the Snake Pit on Apr 14, 2024.
             The game lasted 06:30:35 (15329 turns).

saiyaman the Executioner (Minotaur Berserker)      Turns: 15329, Time: 06:30:35

Health: -3/231     AC: 35    Str: 38      XL:     16   Next: 51%
Magic:  15/15      EV:  7    Int:  4      God:    Trog [******]
Gold:   1102       SH:  0    Dex:  8 (10) Spells: 15/15 levels left

rFire    . . .     GDR:     34% M - +5 executioner's axe of Qaoss {vamp, Str+4}
rCold    . . .     SeeInvis .   (shield currently unavailable)
rNeg     . . .     Gourm    .   C - +4 crystal plate armour
rPois    +         Faith    .   (helmet restricted)
rElec    .         Spirit   .   V - +0 cloak
rCorr    .         Reflect  .   X - +1 pair of gloves "Vahofior" {+Fly}
MR       +++++     NoTele   +   A - +1 pair of boots {Stlth++}
Stlth    ..........             Q - amulet of regeneration
HPRegen  0.93/turn              T - ring of protection from magic
MPRegen  0.14/turn              E - ring of poison resistance

@: berserking, lethally poisoned (-3 -> -3), cannot translocate, constricted,
lightly drained, very quick
A: retaliatory headbutt, horns 2
a: Berserk, Trog's Hand, Brothers in Arms, Renounce Religion, Evoke Flight


You were on level 3 of the Snake Pit.
You worshipped Trog.
Trog was exalted by your worship.
You were very hungry.

You visited 4 branches of the dungeon, and saw 20 of its levels.

You collected 2018 gold pieces.
You spent 916 gold pieces at shops.

Inventory:

Hand Weapons
 a - a +3 battleaxe of draining
 M - the +5 executioner's axe of Qaoss (weapon) {vamp, Str+4}
   (Trog gifted it to you on level 12 of the Dungeon)

   It inflicts no extra harm, but heals its wielder when it wounds a living foe.
   It affects your strength (+4).
Armour
 j - a +0 pair of boots
 A - a +1 pair of boots of stealth (worn)
 C - a +4 crystal plate armour (worn)
 V - a +0 cloak (worn)
 X - the +1 pair of gloves "Vahofior" (worn) {+Fly}
   (You bought it in a shop on level 2 of the Snake Pit)

   It lets you fly.
Jewellery
 d - the amulet of the Cockroach {Reflect *Drain rF+ Str+4 SH+6}
   (You found it on level 2 of the Snake Pit)

   [amulet of reflection]

   It shields you and reflects attacks.
   It affects your strength (+4).
   It protects you from fire.
   It causes draining when unequipped.
   It affects your SH (+6).
 h - a +4 ring of protection
 E - a ring of poison resistance (right hand)
 G - an uncursed ring of protection from fire
 Q - an amulet of regeneration (around neck)
 R - an uncursed ring of fire
 S - an uncursed ring of ice
 T - a ring of protection from magic (left hand)
 U - an uncursed ring of positive energy
 Y - a +4 ring of intelligence
Wands
 q - a wand of iceblast (15)
 x - a wand of paralysis (27)
 B - a wand of disintegration (34)
 J - a wand of clouds (8)
 N - a wand of digging (10)
 P - a wand of random effects (9)
 W - a wand of flame (7)
 Z - a wand of scattershot (6)
Scrolls
 c - a scroll of immolation
 g - 6 scrolls of remove curse
 i - 8 scrolls of identify
 k - 13 scrolls of teleportation
 o - 2 scrolls of fog {unknown}
 p - 6 scrolls of blinking
 r - a scroll of summoning {unknown}
 v - 3 scrolls of revelation
 y - 2 scrolls of fear {unknown}
 z - 5 scrolls of noise
 F - 8 scrolls of enchant weapon
 I - 2 scrolls of vulnerability {unknown}
 L - a scroll of brand weapon {unknown}
Potions
 b - 2 potions of cancellation {unknown}
 f - a potion of agility {unknown}
 l - 2 potions of magic {unknown}
 m - 4 potions of lignification
 n - 3 potions of might
 s - 3 potions of haste {unknown}
 t - 3 potions of berserk rage {unknown}
 u - 2 potions of degeneration {unknown}
 w - 6 potions of heal wounds
 D - 2 potions of invisibility {unknown}
 H - 3 potions of ambrosia {unknown}
 K - 2 potions of curing {unknown}
 O - a potion of brilliance {unknown}
Comestibles
 e - 21 rations {!d}


   Skills:
 + Level 16.9(16.6) Fighting
 * Level 22.3(21.9) Axes
 + Level 16.6(16.3) Armour
 - Level 8.0(7.7) Dodging
 - Level 1.0(0.8) Stealth


You had 15 spell levels left.
You didn't know any spells.
Your spell library contained the following spells:

 Spells                   Type           Power        Failure   Level  Hunger
 Summon Small Mammal      Summ           #...         99%         1    None
 Call Imp                 Summ           #.....       99%         2    ####...
 Call Canine Familiar     Summ           #.......     100%        3    #####..
 Summon Ice Beast         Ice/Summ       #.......     100%        4    ######.
 Summon Lightning Spire   Summ/Air       #.......     100%        5    #######


Dungeon Overview and Level Annotations

Branches:
Dungeon (12/12)            Temple (0/1) D:7            Lair (4/6) D:9
  Swamp (0/3) Lair:4        Snake (3/3) Lair:4        Slime (0/5) Orc
    Orc (1/1) D:11         Vaults (0/3) D:11
 Depths: D:12

Altars:
Ashenzari
Hepliaklqana
Lugonu
Nemelex Xobeh
Qazlal
Ru
Trog
Xom
The Shining One
Jiyva

Shops:
Orc (}??   Snake:2 [!

Portals:
Pandemonium: Orc

Annotations:
D:2 Sigmund
D:8 Maurice
D:9 exclusion: statue
D:10 exclusion: 2 statues
Snake:2 1 runed translucent door, Upolaul's ghost, journeyman DsMo


Innate Abilities, Weirdness & Mutations

You reflexively headbutt those who attack you in melee.
You have a pair of horns on your head.


Message History

* * * LOW HITPOINT WARNING * * *
The spectral seven-headed hydra bites you but does no damage. x2
The spectral seven-headed hydra bites you.
* * * LOW HITPOINT WARNING * * *
You feel drained.
The spectral seven-headed hydra bites you but does no damage. x3
You hear a shout!
You slash the nagaraja!
You feel better.
The nagaraja is heavily wounded.
You slash the spectral seven-headed hydra!
You slice the nagaraja!!
You feel better.
You kill the nagaraja!
Trog accepts your kill.
Trog appreciates your killing of a magic user.
You slice the spectral naga sharpshooter!!
You destroy the spectral naga sharpshooter!
You slice the naga warrior!!
You feel better.
You are engulfed in spectral mist.
You feel sick. The nagaraja hits you with a +0 flail!
You die...

#.....#.......###
#.)).##........#
#.)).#.........##
).))##...⌠......#
..))#...........#
..))#.....#.....##
)...#.⌠...#.⌠....### ##
...#).....#.....N#)#NS.#.
<.........#.....@N)NNSN^.
...#......#....)Z#°#ZN.#S
[...#.⌠...#.⌠....### ##
....#.....#.....##
....#.).........#
#...##...⌠......#
#....#.........#
#..†.##........
......#.....(.###


You could see 2 naga warriors, 3 nagarajas, a naga sharpshooter, a naga mage, 2
guardian serpents, a spectral seven-headed hydra and a spectral naga mage.

Vanquished Creatures
  Rupert (Orc)
  Jorgrun (Snake:1)
  A sphinx (Lair:4)
  6 nagarajas (Snake:3)
  Donald (D:11)
  An ironheart preserver (D:11)
  The ghost of TheWayOfAllFlesh the Spry, a journeyman SpEn of Gozag (Snake:1)
  A dire elephant (Lair:4)
  Josephine (Orc)
  2 rakshasas
  9 naga warriors
  3 hydras
  7 anacondas
  4 orc high priests (Orc)
  7 shock serpents
  3 naga sharpshooters
  A soul eater (Orc)
  2 sun demons (Orc)
  2 salamander mystics
  3 skeletal warriors (D:11)
  2 centaur warriors (D:11)
  2 torturous demonspawn (Orc)
  A gelid demonspawn (Orc)
  An infernal demonspawn (Orc)
  3 naga ritualists
  8 orc sorcerers (Orc)
  4 orc knights (Orc)
  4 anaconda skeletons (Lair:4)
  14 mana vipers
  An ugly thing (D:9)
  2 manticores (D:11)
  10 salamanders
  2 moths of wrath (Snake:1)
  7 naga magi
  24 elephants
  8 guardian serpents (Snake:3)
  20 black mambas
  4 cane toads
  2 komodo dragons
  A freezing wraith (D:12)
  An efreet (D:11)
  4 trolls
  A wolf spider simulacrum (D:12)
  A red devil (Orc)
  A queen bee (Lair:2)
  A hornet (D:7)
  2 harpy skeletons (D:11)
  5 blink frogs (Lair:2)
  4 hippogriffs
  2 meliai zombies (D:11)
  4 dream sheep (Lair:4)
  A water elemental (D:11)
  4 wraiths (Orc)
  A spriggan (Lair:4)
  Eustachio (D:5)
  17 yaks
  3 wyverns
  4 vampire mosquitoes (D:12)
  A hungry ghost (D:8)
  3 basilisks
  33 nagas
  4 wargs (D:11)
  An acid dragon (D:12)
  7 crocodiles
  11 water moccasins
  A soldier ant (shapeshifter) (D:11)
  4 porcupines
  21 orc warriors
  A phantom (D:4)
  A black bear (D:9)
  3 sky beasts
  A hornet zombie (D:12)
  3 ice beasts
  8 ogres
  10 wolves
  12 bullfrogs
  A kobold brigand (D:6)
  A gnoll sergeant (D:9)
  6 centaurs
  5 scorpions
  A water moccasin skeleton (D:9)
  29 killer bees
  4 wights (D:8)
  An electric eel (D:12)
  6 howler monkeys
  17 orc priests
  2 crimson imps
  A bullfrog zombie (D:6)
  5 hounds
  4 jellies
  8 orc wizards
  2 bullfrog skeletons
  Jessica (D:3)
  4 iguanas
  Natasha (twice) (D:4 D:3)
  5 worker ants
  Terence (D:3)
  A hound zombie (D:10)
  14 gnolls
  3 howler monkey skeletons
  10 adders
  3 shadow imps
  An ooze (Orc)
  2 adder skeletons
  2 worms
  2 dart slugs (D:1)
  2 leopard geckos
  80 orcs
  A ball python (D:4)
  3 bats
  3 giant cockroaches
  8 goblins
  9 hobgoblins
  13 jackals
  2 quokkas
  3 frilled lizards
  14 kobolds
  A quokka skeleton (D:4)
  A quokka zombie (D:5)
  7 rats
  7 fungi
  A plant (Lair:4)
658 creatures vanquished.

Vanquished Creatures (collateral kills)
  An orange demon (Orc)
  A kobold demonologist (D:11)
  A red devil (Orc)
  A hippogriff (D:11)
  A yak (D:11)
  3 orc warriors (Orc)
  An ice beast (D:4)
  2 kobold brigands (D:11)
  An orc priest (Orc)
  An orc wizard (D:11)
  4 orcs
  5 kobolds (D:11)
22 creatures vanquished.

Vanquished Creatures (others)
  An anaconda (Snake:1)
  A naga mage (Snake:3)
  A black mamba (Snake:1)
  A guardian serpent (Snake:3)
  2 nagas
  27 fungi (Lair:4)
  9 plants
42 creatures vanquished.

Grand Total: 722 creatures vanquished

Notes
Turn   | Place    | Note
-------+----------+-------------------------------------------
     0 | D:1      | saiyaman the Minotaur Berserker began the quest for the
                  | Orb.
     0 | D:1      | Reached XP level 1. HP: 19/19 MP: 0/0
   146 | D:1      | Reached skill level 4 in Axes
   146 | D:1      | Reached XP level 2. HP: 25/27 MP: 1/1
   228 | D:2      | Noticed Sigmund
   242 | D:3      | Noticed Terence
   242 | D:3      | Noticed a sky beast
   480 | D:1      | Reached ** piety under Trog
   531 | D:1      | Reached XP level 3. HP: 33/33 MP: 2/2
   823 | D:2      | Found a sacrificial altar of Ru.
  1067 | D:3      | Found a stormy altar of Qazlal.
  1138 | D:4      | Noticed an ogre
  1223 | D:3      | Found a hazy altar of Hepliaklqana.
  1314 | D:3      | Reached XP level 4. HP: 37/41 MP: 3/3
  1320 | D:3      | Reached skill level 5 in Axes
  1330 | D:3      | Reached *** piety under Trog
  1338 | D:3      | Noticed a sky beast
  1358 | D:4      | Killed an ogre
  1359 | D:4      | Reached XP level 5. HP: 47/47 MP: 4/4
  1405 | D:4      | Reached skill level 5 in Fighting
  1421 | D:3      | Killed a sky beast
  1422 | D:3      | Reached skill level 6 in Axes
  1422 | D:3      | Reached skill level 1 in Stealth
  1422 | D:3      | Reached XP level 6. HP: 47/56 MP: 5/5
  1570 | D:4      | Noticed Natasha
  1578 | D:4      | Killed Natasha
  1632 | D:4      | Noticed Natasha
  1650 | D:3      | Reached skill level 7 in Axes
  1739 | D:3      | Noticed Jessica
  1744 | D:3      | Killed Terence
  1750 | D:3      | Reached XP level 7. HP: 47/62 MP: 6/6
  1893 | D:3      | Killed Jessica
  1993 | D:3      | Killed Natasha
  2076 | D:5      | Entered Level 5 of the Dungeon
  2094 | D:5      | Reached **** piety under Trog
  2095 | D:5      | Reached skill level 8 in Axes
  2292 | D:5      | Reached skill level 5 in Armour
  2731 | D:4      | Reached XP level 8. HP: 41/71 MP: 7/7
  2903 | D:4      | Found a glowing golden altar of the Shining One.
  3460 | D:5      | Noticed Eustachio
  3477 | D:5      | Killed Eustachio
  3478 | D:5      | Reached skill level 9 in Axes
  3973 | D:6      | Found a shimmering altar of Xom.
  4026 | D:6      | Reached skill level 10 in Axes
  4327 | D:6      | Found a sparkling altar of Nemelex Xobeh.
  4377 | D:7      | Noticed a hippogriff
  4387 | D:7      | Killed a hippogriff
  4388 | D:7      | Reached XP level 9. HP: 54/81 MP: 8/8
  4608 | D:7      | Reached skill level 11 in Axes
  4626 | D:7      | Found a staircase to the Ecumenical Temple.
  4834 | D:8      | Found a shattered altar of Ashenzari.
  5125 | D:8      | Found a corrupted altar of Lugonu.
  5161 | D:8      | Reached skill level 12 in Axes
  5368 | D:8      | Noticed Maurice
  5563 | D:9      | Reached XP level 10. HP: 66/91 MP: 9/9
  5573 | D:9      | Reached ***** piety under Trog
  5704 | D:9      | Found a staircase to the Lair.
  5944 | D:9      | Noticed an elephant
  6126 | D:10     | Entered Level 10 of the Dungeon
  6227 | D:10     | Noticed a cyan ugly thing
  6247 | D:11     | Reached skill level 13 in Axes
  6253 | D:11     | Reached skill level 10 in Fighting
  6306 | D:12     | Entered Level 12 of the Dungeon
  6338 | D:12     | Received a gift from Trog
  6339 | D:12     | Got a jewelled executioner's axe {god gift}
  6460 | D:12     | Noticed a skeletal warrior
  6463 | D:12     | Noticed a skeletal warrior
  6656 | D:11     | Identified the +5 executioner's axe of Qaoss {vamp, Str+4}
                  | (Trog gifted it to you on level 12 of the Dungeon)
  6675 | D:11     | Noticed a skeletal warrior
  6675 | D:11     | Noticed a skeletal warrior
  6692 | D:11     | Killed a skeletal warrior
  6698 | D:11     | Killed a skeletal warrior
  6699 | D:11     | Reached skill level 14 in Axes
  6699 | D:11     | Reached skill level 10 in Armour
  6701 | D:11     | Reached XP level 11. HP: 101/101 MP: 10/10
  6701 | D:11     | Noticed a skeletal warrior
  6709 | D:11     | Killed a skeletal warrior
  6785 | D:11     | Noticed a rakshasa
  6805 | D:11     | Noticed an ironheart preserver
  6811 | D:11     | Killed a rakshasa
  6814 | D:11     | Killed an ironheart preserver
  6881 | D:11     | Found a gate to the Vaults.
  6948 | D:11     | Noticed a centaur warrior
  6960 | D:11     | Killed a centaur warrior
  7007 | D:11     | Noticed a centaur warrior
  7013 | D:11     | Reached skill level 15 in Axes
  7016 | D:11     | Killed a centaur warrior
  7017 | D:11     | Reached skill level 5 in Dodging
  7072 | D:12     | Noticed a two-headed ogre
  7082 | D:12     | Noticed an eight-headed hydra
  7105 | D:12     | Killed a 12-headed hydra
  7315 | D:11     | Found a staircase to the Orcish Mines.
  7329 | Orc      | Entered the Orcish Mines
  7331 | Orc      | Found a roughly hewn altar of Beogh.
  7349 | Orc      | Reached XP level 12. HP: 112/112 MP: 11/11
  7354 | Orc      | Noticed Josephine
  7376 | Orc      | Killed Josephine
  7379 | Orc      | Received a gift from Trog
  7388 | Orc      | Noticed Donald
  7408 | D:11     | Reached skill level 16 in Axes
  7408 | D:11     | Reached XP level 13. HP: 23/119 MP: 12/12
  7819 | D:11     | Killed Donald
  7903 | D:9      | Reached skill level 17 in Axes
  8026 | D:10     | Found the cursed +6 arbalest "Damnation" {hellfire, *Curse}
  8395 | Orc      | Found a runed door.
  8395 | Orc      | Found a viscous altar of Jiyva.
  8397 | Orc      | Found a staircase to the Slime Pits.
  8453 | Orc      | Noticed Rupert
  8463 | Orc      | Paralysed by Rupert for 3 turns
  8564 | Orc      | Found Udweig's Magic Scroll Boutique.
  8573 | Orc      | Found Lawidij's Magic Scroll Shop.
  8637 | Orc      | Bought a scroll of identify for 34 gold pieces
  8637 | Orc      | Bought 2 scrolls of teleportation for 102 gold pieces
  8637 | Orc      | Bought a scroll of enchant weapon for 127 gold pieces
  8637 | Orc      | Bought a scroll of enchant armour for 127 gold pieces
  9114 | Orc      | Paralysed by an orc sorcerer for 3 turns
  9118 | Orc      | Reached skill level 18 in Axes
  9221 | Orc      | Reached XP level 14. HP: 130/130 MP: 13/13
  9225 | Orc      | Found Josh's Gadget Shoppe.
  9225 | Orc      | Found a one-way gate leading to the halls of Pandemonium.
  9225 | Orc      | Found Genk's Antique Weapon Emporium.
  9460 | Orc      | Paralysed by Rupert for 4 turns
  9470 | Orc      | Killed Rupert
  9614 | Lair:1   | Entered Level 1 of the Lair of Beasts
  9779 | Lair:1   | Received a gift from Trog
 10273 | Lair:2   | Reached skill level 19 in Axes
 11177 | Lair:3   | Reached ****** piety under Trog
 11485 | Lair:4   | Found a staircase to the Snake Pit.
 11492 | Lair:4   | Noticed a sphinx
 11500 | Lair:4   | Killed a sphinx
 11530 | Lair:4   | Found a staircase to the Swamp.
 11538 | Lair:4   | Received a gift from Trog
 11646 | Lair:4   | Reached skill level 15 in Fighting
 11671 | Lair:4   | Reached skill level 20 in Axes
 11748 | Lair:4   | Reached XP level 15. HP: 141/141 MP: 14/14
 12488 | Snake:1  | Entered Level 1 of the Snake Pit
 12502 | Snake:1  | Found a transporter.
 12590 | Snake:1  | Noticed TheWayOfAllFlesh's ghost (journeyman SpEn)
 12592 | Snake:1  | Found a bloodstained altar of Trog.
 12605 | Snake:1  | Identified the cursed +1 quarterstaff "Pateam" {antimagic,
                  | rElec Str+5 Dex+5 Stlth-}
 12612 | Snake:1  | Found a transporter.
 12616 | Snake:1  | Identified the cursed +1 halberd "Fyzoirixt" {drain, Dex+5}
 12658 | Snake:1  | Reached skill level 15 in Armour
 12679 | Snake:1  | Killed TheWayOfAllFlesh's ghost
 13217 | Snake:1  | Noticed Jorgrun
 13235 | Snake:1  | Killed Jorgrun
 13388 | Snake:1  | Reached skill level 21 in Axes
 13568 | Snake:1  | Received a gift from Trog
 14103 | Snake:2  | Got a shimmering lead amulet
 14159 | Snake:2  | Identified the amulet of the Cockroach {Reflect *Drain rF+
                  | Str+4 SH+6} (You found it on level 2 of the Snake Pit)
 14262 | Snake:2  | Found Pufyn's Distillery.
 14262 | Snake:2  | Found Metecu's Antique Armour Shop.
 14294 | Snake:2  | Bought a pair of crude gloves for 294 gold pieces
 14304 | Snake:2  | Identified the +1 pair of gloves "Vahofior" {+Fly} (You
                  | bought it in a shop on level 2 of the Snake Pit)
 14305 | Snake:2  | Bought a pair of glowing boots for 232 gold pieces
 14348 | Snake:2  | Identified the +5 great mace of Skirmishing {crush, MR+
                  | Str+4 Int+4 Dex+4}
 14527 | Snake:2  | Found a runed translucent door.
 14528 | Snake:2  | Noticed Upolaul's ghost (journeyman DsMo)
 14613 | Snake:2  | Reached XP level 16. HP: 152/152 MP: 15/15
 14899 | Snake:3  | Entered Level 3 of the Snake Pit
 14934 | Snake:3  | Received a gift from Trog
 14969 | Snake:3  | Reached skill level 22 in Axes
 15328 | Snake:3  | HP: 4/231 [naga sharpshooter/arrow (12)]
 15328 | Snake:3  | HP: 1/231 [spectral seven-headed hydra[a naga mage] (1)]
 15329 | Snake:3  | Slain by a nagaraja

Skill      XL: |  1  2  3  4  5  6  7  8  9 10 11 12 13 14 15 16 |
---------------+-------------------------------------------------+-----
Fighting       | 4 5 6 8 9 10 11 12 13 15 16 | 16.9
Axes           | 4 5 6 7 8 10 12 14 15 16 18 20 21 22 | 22.3
Armour         | 3 4 5 6 8 10 11 12 13 14 16 | 16.6
Dodging        | 3 5 7 8 |  8.0
Stealth        | 1 |  1.0

Action                   |  1- 3 |  4- 6 |  7- 9 | 10-12 | 13-15 | 16-18 || total
-------------------------+-------+-------+-------+-------+-------+-------++-------
Melee: Hand axe          |   100 |    79 |   254 |       |       |       ||   433
       Headbutt          |    14 |     9 |    46 |    33 |   115 |    15 ||   232
       War axe           |       |       |   177 |   154 |       |       ||   331
       Executioner's axe |       |       |       |   144 |   815 |   109 ||  1068
Invok: Berserk           |       |     3 |     1 |     4 |     6 |     1 ||    15
       Brothers in Arms  |       |       |     1 |     3 |     1 |       ||     5
Evoke: Wand              |       |       |       |     1 |     2 |       ||     3
  Use: Scroll            |     1 |       |     9 |     1 |     8 |       ||    19
       Potion            |       |       |       |     2 |     1 |       ||     3
 Stab: Sleeping          |     2 |       |       |       |       |       ||     2
  Eat: Chunk             |     4 |     5 |    19 |    19 |    40 |     4 ||    91
       Ration            |       |       |     1 |     2 |     2 |       ||     5
Armor: Animal skin       |    13 |       |       |       |       |       ||    13
       Plate armour      |    24 |    32 |   115 |       |       |       ||   171
       Scale mail        |     1 |       |       |       |       |       ||     1
       Crystal plate arm |       |       |   173 |   307 |   659 |   146 ||  1285
Dodge: Dodged            |    50 |    21 |   127 |   123 |   389 |    56 ||   766
Block: Other             |       |       |       |       |    12 |    25 ||    37
       Reflection        |       |       |       |       |     1 |     5 ||     6
